 Dungeon Crawl Stone Soup version 0.22-a0-126-g307c7c3 (webtiles) character file.

177 Lathuz the Skirmisher (level 5, -9/51 HPs)
             Began as a Gargoyle Fighter on Jan 30, 2018.
             Killed by divine providence
             ... invoked by an orc priest
              (10 damage)
             ... on level 3 of the Dungeon.
             The game lasted 00:06:49 (1753 turns).

Lathuz the Skirmisher (Gargoyle Fighter)            Turns: 1753, Time: 00:06:49

Health: -9/51      AC: 22    Str: 21    XL:     5   Next: 57%
Magic:  5/5        EV:  2    Int:  8    God:
Gold:   88         SH:  9    Dex:  9    Spells: 4/4 levels left

rFire    . . .     SeeInvis .   a - +0 flail
rCold    . . .     Gourm    .   c - +0 shield
rNeg     + + +     Faith    .   (armour currently unavailable)
rPois    ∞         Spirit   .   (helmet currently unavailable)
rElec    .         Reflect  .   (cloak currently unavailable)
rCorr    .         Harm     .   (gloves currently unavailable)
MR       .....     NoTele   +   (boots currently unavailable)
Stlth    +.........             (no amulet)
HPRegen  0.17/turn              (no ring)
MPRegen  0.09/turn              (no ring)

@: tree-form
A: negative energy resistance 1, petrification resistance, rot immunity, AC +4
a: no special abilities


You were on level 3 of the Dungeon.
You were not hungry.
You were a tree.
You visited 1 branch of the dungeon, and saw 3 of its levels.

You collected 88 gold pieces.

Inventory:

Hand Weapons
 a - a +0 flail (weapon)
Missiles
 k - 75 stones (quivered)
Armour
 b - a +0 scale mail (melded)
 c - a +0 shield (worn)
 i - a scarf of cloud immunity (melded)
 p - a +2 pair of gloves
Jewellery
 l - a cursed ring of loudness {unknown}
 n - a cursed -2 ring of protection {unknown}
Scrolls
 j - 2 scrolls of teleportation {unknown}
 o - 2 scrolls of identify {unknown}
 r - a scroll of enchant armour {unknown}
Potions
 d - 2 potions of might
 e - a potion of lignification
 h - a potion of curing {unknown}
 m - a potion of degeneration {unknown}
Comestibles
 f - 4 rations
 q - 3 chunks of flesh


   Skills:
 + Level 4.3 Fighting
 * Level 4.2 Maces & Flails
 - Level 3.2 Armour
 + Level 4.3 Shields


You had 4 spell levels left.
You didn't know any spells.

Dungeon Overview and Level Annotations

Branches:
Dungeon (3/15)

Altars:
Yredelemnul


Innate Abilities, Weirdness & Mutations

You are resistant to torment.
((Your stone body is resilient. (AC +4)))
You are immune to poison.
You resist negative energy. (rN+)
((You are resistant to electric shocks. (rElec)))
((You can survive without breathing.))
You are immune to petrification.
You are immune to rotting.


Message History

The orc priest closely misses you. The orc hits you but does no damage.
You hit the orc wizard.
You kill the orc wizard!
You block the orc's attack.
The orc priest hits you but does no damage.
The orc barely misses you.
It was a potion of lignification.
You turn into a tree.
Your scarf of cloud immunity melds into your body.
Your +0 scale mail melds into your body.
You feel vulnerable to the effects of clouds.
Your roots penetrate the ground.
The orc hits you but does no damage. x2
The orc priest looks braver for a moment.
You cannot move.
You cannot move.
You cannot move.
The orc barely misses you. The orc hits you with a flail.
* * * LOW HITPOINT WARNING * * *
The orc priest calls down the wrath of Beogh upon you.
Beogh smites you!
You die...

.### ##.......
..###........ #
#.##....?)... #..
#.##...(..... #...
#..#.)(....⌠.
#...###..(........♣
........(†....o...♣
.....#o)##.......⌠.
..<...o♣##..o..o...
##....o)##.........
........###........
........####.......
...#.......##......
...#.......# #.....
.. #.......####
#.......'..#
#.......##.#


You could see an orc priest and 2 orcs.

Vanquished Creatures
  A scorpion (D:2)
  An orc wizard (D:3)
  4 adders (D:2)
  An ooze (D:2)
  2 worms
  2 dart slugs
  A leopard gecko (D:2)
  2 orcs (D:3)
  8 goblins
  4 hobgoblins
  A bat (D:2)
  4 frilled lizards
  7 kobolds
  13 rats
51 creatures vanquished.

Notes
Turn   | Place    | Note
-------+----------+-------------------------------------------
     0 | D:1      | Lathuz the Gargoyle Fighter began the quest for the Orb.
     0 | D:1      | Reached XP level 1. HP: 14/14 MP: 1/1
   215 | D:1      | Reached XP level 2. HP: 19/19 MP: 2/2
   646 | D:2      | Reached XP level 3. HP: 17/24 MP: 3/3
   828 | D:2      | Reached XP level 4. HP: 23/29 MP: 4/4
  1148 | D:2      | Found a basalt altar of Yredelemnul.
  1224 | D:2      | Reached XP level 5. HP: 33/33 MP: 5/5
  1750 | D:3      | HP: 1/33 [orc/dagger (2)]
  1753 | D:3      | Killed from afar by an orc priest

Vault maps used:
D:1:      mrwooster_arrival_statue, glass_columns_a, lemuel_another_geyser
D:2:      lemuel_doored_altar, first_ration, minmay_ruptured
D:3:      kennysheep_big_flooded_room, serial_bayou_lagoon_b

Skill      XL: |  1  2  3  4 |
---------------+-------------+-----
Maces & Flails | 3 4 |  4.2
Fighting       | 4 |  4.3
Shields        | 4 |  4.3
Armour         | |  3.2

Action                   |  1- 3 |  4- 6 || total
-------------------------+-------+-------++-------
Melee: Flail             |    98 |    81 ||   179
Throw: Stone             |    17 |     7 ||    24
       Tomahawk          |       |    18 ||    18
  Use: Potion            |       |     1 ||     1
  Eat: Chunk             |       |     3 ||     3
Armor: Scale mail        |    40 |    47 ||    87
       Skin              |       |     2 ||     2
Dodge: Dodged            |    24 |    24 ||    48
Block: Shield            |    41 |    40 ||    81

Table legend:
 A = Spawn XP
 B = Non-spawn XP
 C = Spawn XP percentage of total XP
 D = Spawn monster count
 E = Non-spawn monster count
 F = Spawn count percentage of total count
 G = Total turns spent on level
                    A         B        C        D         E        F      G
               +---------+---------+-------+---------+---------+-------+---------
         Total |       0 |     253 |   0.0 |       0 |      51 |   0.0 |  1753
               +---------+---------+-------+---------+---------+-------+---------
           D:1 |       0 |      27 |   0.0 |       0 |      17 |   0.0 |   579
           D:2 |       0 |     171 |   0.0 |       0 |      27 |   0.0 |  1027
           D:3 |       0 |      55 |   0.0 |       0 |       7 |   0.0 |   147
               +---------+---------+-------+---------+---------+-------+---------
